AoeStats
← 小叶锤你脑瓜

Arabia

510705612Analyzed
1v1 RM · 12h ago on Oct 2, 2026· 40m 23s· 2 players
Game mode
Random Map
Map size
Tiny (2 player)
Population
200
Speed
Normal
Resources
Standard
Victory
Conquest
Starting age
Dark Age
Ending age
Imperial Age
RankedLock teamsTeams togetherTeam positionsShared explorationLock speedFull tech treeHidden civsTurbo modeCheats
Victory
Defeat
🇨🇳 Maya · China
986
+15
🇸🇰 Hindustanis · Slovakia
967
-15
hargi
8:24 Loom
10:09 Feudal Age
16:22 Castle Age
16:34 Double-Bit Axe
19:18 Fletching
19:20 Horse Collar
20:51 Bow Saw
20:32 Elite Skirmisher
21:55 Stone Mining
22:15 Bodkin Arrow
22:27 Padded Archer Armor
23:18 Wheelbarrow
24:11 Gold Mining
24:27 Heavy Plow
26:10 Hand Cart
28:00 Squires
28:09 Scale Mail Armor
28:19 Forging
29:33 Chain Mail Armor
30:44 Town Watch
34:43 Imperial Age
33:24 Iron Casting
34:07 Gold Shaft Mining
37:00 Town Patrol
37:32 Scale Barding Armor
38:28 Blast Furnace
37:17 Light Cavalry
38:08 Bloodlines
38:57 Husbandry
39:46 Hussar
小叶锤你脑瓜
10:36 Feudal Age
17:48 Castle Age
16:34 Double-Bit Axe
17:47 Stone Mining
18:00 Crossbowman
20:17 Fletching
27:46 Horse Collar
31:09 Imperial Age
29:03 Eagle Warrior
30:33 Scale Mail Armor
31:36 Squires
32:04 Gold Mining
31:55 Elite Eagle Warrior
34:04 Forging
35:45 Holcans
38:26 Chain Mail Armor
38:47 Iron Casting
40:54 Conscription
Connection lost

Rejoining the realm…

Still unreachable

The connection could not be restored.

Session expired

The server has moved on; the page needs a fresh start.